TOP OF THE 1ST |
Plumstead Eagles batting - Pitching for Cincinnati Pride : RHP Fernando Silva
|
Pitching: RHP Fernando Silva
|
|
Batting: RHB Donald Sanford
|
0-0: SINGLE (Groundball, 56D)
|
Batting: RHB Ethan Moore
|
0-0: Ball 1-0: Called Strike 1-1: Fly out, F9 (Flyball, 89M)
|
Batting: RHB Howard Johnson
|
0-0: Fly out, F9 (Flyball, 89M)
|
Batting: RHB Jaime Rodríguez
|
0-0: Called Strike 0-1: Ball 1-1: Ball 2-1: Fielders Choice at 2nd, U6 (Groundball, 6M)
|
Top of the 1st over - 0 run(s), 1 hit(s), 0 error(s), 1 left on base; Plumstead 0 - Cincinnati 0 |
BOTTOM OF THE 1ST |
Cincinnati Pride batting - Pitching for Plumstead Eagles : RHP Aubrey Cote
|
Pitching: RHP Aubrey Cote
|
|
Batting: RHB Larry Booth
|
0-0: Ball 1-0: Called Strike 1-1: Fly out, F9 (Flyball, 9LM)
|
Batting: SHB Rafael Villa
|
0-0: Foul Ball, location: 2F 0-1: Ball 1-1: Swinging Strike 1-2: Ball 2-2: Ball 3-2: Foul Ball, location: 2F 3-2: Base on Balls
|
Batting: RHB Michael Skinner
|
0-0: Ball 1-0: Foul Ball, location: 2F 1-1: SINGLE (Groundball, 13) (infield hit) Rafael Villa to second
|
Batting: RHB Roberto Chávez
|
0-0: Ball 1-0: Fly out, F9 (Flyball, 9M)
|
Batting: RHB Randy Simons
|
0-0: Called Strike 0-1: Swinging Strike 0-2: Ball 1-2: 3-RUN HOME RUN (Line Drive, 7D), Distance : 393 ft
|
Batting: RHB Gabriel Villegas
|
0-0: Ball 1-0: Swinging Strike 1-1: Ground out 5-3 (Groundball, 5S)
|
Bottom of the 1st over - 3 run(s), 2 hit(s), 0 error(s), 0 left on base; Plumstead 0 - Cincinnati 3 |
TOP OF THE 2ND |
Plumstead Eagles batting - Pitching for Cincinnati Pride : RHP Fernando Silva
|
Batting: LHB António Salazar
|
0-0: Called Strike 0-1: Ball 1-1: SINGLE (Flyball, 9LM)
|
Batting: RHB Juan Caceres
|
0-0: Foul Ball, location: 2F 0-1: Ball 1-1: Foul Ball, location: 2F 1-2: Grounds into double play, U4-3 (Groundball, 4)
|
Batting: RHB Pablo Villarreal
|
0-0: Called Strike 0-1: SINGLE (Line Drive, 4D)
|
Batting: RHB Louis Smith
|
0-0: Ball 1-0: SINGLE (Groundball, 56D) Pablo Villarreal to second
|
Batting: RHB Don Turner
|
0-0: Called Strike 0-1: Ball 1-1: Ball 2-1: Fly out, F8 (Flyball, 8RM)
|
Top of the 2nd over - 0 run(s), 3 hit(s), 0 error(s), 2 left on base; Plumstead 0 - Cincinnati 3 |
BOTTOM OF THE 2ND |
Cincinnati Pride batting - Pitching for Plumstead Eagles : RHP Aubrey Cote
|
Batting: LHB Marvin Morris
|
0-0: Foul Ball, location: 2F 0-1: Fly out, F8 (Flyball, 8RM)
|
Batting: RHB Wilson Flores
|
0-0: Called Strike 0-1: Ball 1-1: Ball 2-1: Foul Ball, location: 2F 2-2: Strikes out swinging
|
Batting: RHB Norris Howard
|
0-0: Ball 1-0: Ball 2-0: Called Strike 2-1: Ground out 1-3 (Groundball, 13S)
|
Bottom of the 2nd over - 0 run(s), 0 hit(s), 0 error(s), 0 left on base; Plumstead 0 - Cincinnati 3 |
TOP OF THE 3RD |
Plumstead Eagles batting - Pitching for Cincinnati Pride : RHP Fernando Silva
|
Batting: RHB Donald Sanford
|
0-0: Ball 1-0: Ball 2-0: Ball 3-0: Called Strike 3-1: Base on Balls
|
Batting: RHB Ethan Moore
|
0-0: Swinging Strike 0-1: Ball 1-1: Called Strike 1-2: Ball 2-2: Strikes out looking
|
Batting: RHB Howard Johnson
|
0-0: Foul Ball, location: 2F 0-1: Ball 1-1: Fly out, F2 (Popup, 2LF)
|
Batting: RHB Jaime Rodríguez
|
0-0: Called Strike 0-1: Ball 1-1: Called Strike Single, Error in OF, E8, batter to second base Donald Sanford to third
|
Batting: LHB António Salazar
|
0-0: Called Strike 0-1: Ball 1-1: Ball 2-1: SINGLE (Line Drive, 89S) Donald Sanford scores Jaime Rodríguez to third
|
Batting: RHB Juan Caceres
|
0-0: Called Strike 0-1: SINGLE (Groundball, 34) Jaime Rodríguez scores António Salazar to second Runner from 2nd tries for 3rd, SAFE, no throw or cutoff
|
Batting: RHB Pablo Villarreal
|
0-0: Foul Ball, location: 2F 0-1: Foul Ball, location: 2F 0-2: Ball 1-2: Strikes out swinging
|
Top of the 3rd over - 2 run(s), 3 hit(s), 1 error(s), 2 left on base; Plumstead 2 - Cincinnati 3 |
BOTTOM OF THE 3RD |
Cincinnati Pride batting - Pitching for Plumstead Eagles : RHP Aubrey Cote
|
Batting: RHB Larry Booth
|
0-0: Called Strike 0-1: Foul Ball, location: 2F 0-2: Ball 1-2: SINGLE (Flyball, 89S)
|
Batting: SHB Rafael Villa
|
0-0: Ball 1-0: Ball 2-0: DOUBLE (Line Drive, 9LM) Larry Booth to third
|
Batting: RHB Michael Skinner
|
0-0: Called Strike 0-1: Foul Ball, location: 2F 0-2: Strikes out swinging
|
Batting: RHB Roberto Chávez
|
0-0: Ball 1-0: 3-RUN HOME RUN (Line Drive, 9D), Distance : 430 ft
|
Batting: RHB Randy Simons
|
0-0: Ball 1-0: Ball 2-0: Called Strike 2-1: Foul Ball, location: 2F 2-2: Foul Ball, location: 2F 2-2: Strikes out swinging
|
Batting: RHB Gabriel Villegas
|
0-0: Fly out, F9 (Flyball, 9S)
|
Bottom of the 3rd over - 3 run(s), 3 hit(s), 0 error(s), 0 left on base; Plumstead 2 - Cincinnati 6 |
TOP OF THE 4TH |
Plumstead Eagles batting - Pitching for Cincinnati Pride : RHP Fernando Silva
|
Batting: RHB Louis Smith
|
0-0: Foul Ball, location: 2F 0-1: Ball 1-1: Foul Ball, location: 2F 1-2: Ball 2-2: Foul Ball, location: 2F 2-2: Strikes out swinging
|
Batting: RHB Don Turner
|
0-0: Ball 1-0: Foul Ball, location: 2F 1-1: Ball 2-1: Ground out 5-3 (Groundball, 5S)
|
Batting: RHB Donald Sanford
|
0-0: Ball 1-0: Swinging Strike 1-1: Called Strike 1-2: Ball 2-2: Foul Ball, location: 2F
|
|
|
|
2-2: Strikes out looking
|
Top of the 4th over - 0 run(s), 0 hit(s), 0 error(s), 0 left on base; Plumstead 2 - Cincinnati 6 |
BOTTOM OF THE 4TH |
Cincinnati Pride batting - Pitching for Plumstead Eagles : RHP Aubrey Cote
|
Batting: LHB Marvin Morris
|
0-0: Ball 1-0: Called Strike 1-1: Swinging Strike 1-2: Ball 2-2: Ball 3-2: Base on Balls
|
Batting: RHB Wilson Flores
|
0-0: Swinging Strike 0-1: Foul Ball, location: 2F 0-2: Strikes out swinging
|
Batting: RHB Norris Howard
|
0-0: Ball Wild Pitch! Marvin Morris to second 1-0: Foul Ball, location: 2F 1-1: Foul Ball, location: 2F 1-2: Ball 2-2: Foul Ball, location: 2F 2-2: Foul Ball, location: 2F 2-2: Ball 3-2: Foul Ball, location: 2F 3-2: Fly out, F7 (Flyball, 7LM)
|
Batting: RHB Larry Booth
|
0-0: DOUBLE (Groundball, 3L) Marvin Morris scores
|
Pitching: RHP Chris Jennings
|
|
Batting: SHB Rafael Villa
|
0-0: SINGLE (Line Drive, 6M) Larry Booth to third Runner from 3rd tries for Home, SAFE, no throw or cutoff
|
Batting: RHB Michael Skinner
|
0-0: Ball 1-0: Ball 2-0: Foul Ball, location: 2F 2-1: Ball 3-1: Swinging Strike 3-2: Base on Balls Rafael Villa to second
|
Batting: RHB Roberto Chávez
|
0-0: Called Strike 0-1: Ball 1-1: DOUBLE (Line Drive, 8RM) Rafael Villa scores Michael Skinner to third Runner from 3rd tries for Home, SAFE, no throw or cutoff
|
Batting: RHB Randy Simons
|
0-0: SINGLE (Line Drive, 56D) Roberto Chávez to third Runner from 3rd tries for Home, SAFE, no throw or cutoff
|
Pitching: RHP Lane Lund
|
|
Batting: RHB Gabriel Villegas
|
0-0: Ball 1-0: Foul Ball, location: 2F 1-1: Ball 2-1: Fly out, F8 (Line Drive, 8LD)
|
Bottom of the 4th over - 5 run(s), 4 hit(s), 0 error(s), 1 left on base; Plumstead 2 - Cincinnati 11 |
TOP OF THE 5TH |
Plumstead Eagles batting - Pitching for Cincinnati Pride : RHP Fernando Silva
|
Batting: RHB Ethan Moore
|
0-0: Called Strike 0-1: Ground out 6-3 (Groundball, 6)
|
Batting: RHB Howard Johnson
|
0-0: Ball 1-0: Called Strike 1-1: Fly out, F3 (Line Drive, 34)
|
Batting: RHB Jaime Rodríguez
|
0-0: Called Strike 0-1: SOLO HOME RUN (Flyball, 78XD), Distance : 414 ft
|
Batting: LHB António Salazar
|
0-0: SINGLE (Flyball, 8LS)
|
Batting: RHB Juan Caceres
|
0-0: Ball António Salazar is caught stealing 2nd base
|
Top of the 5th over - 1 run(s), 2 hit(s), 0 error(s), 0 left on base; Plumstead 3 - Cincinnati 11 |
BOTTOM OF THE 5TH |
Cincinnati Pride batting - Pitching for Plumstead Eagles : RHP Lane Lund
|
Batting: LHB Marvin Morris
|
0-0: Ball 1-0: Called Strike 1-1: Called Strike 1-2: Foul Ball, location: 2F 1-2: Ground out 1-3 (Groundball, 13S)
|
Batting: RHB Wilson Flores
|
0-0: Ground out 6-3 (Groundball, 4MS)
|
Batting: RHB Norris Howard
|
0-0: Ball 1-0: Foul Ball, location: 2F 1-1: Ball 2-1: Swinging Strike 2-2: Strikes out swinging
|
Bottom of the 5th over - 0 run(s), 0 hit(s), 0 error(s), 0 left on base; Plumstead 3 - Cincinnati 11 |
TOP OF THE 6TH |
Plumstead Eagles batting - Pitching for Cincinnati Pride : RHP Fernando Silva
|
Batting: RHB Juan Caceres
|
0-0: Called Strike 0-1: Fly out, F5 (Line Drive, 5)
|
Batting: RHB Pablo Villarreal
|
0-0: Called Strike 0-1: Ball 1-1: Ball 2-1: Foul Ball, location: 2F 2-2: Foul Ball, location: 2F 2-2: Strikes out looking
|
Batting: RHB Louis Smith
|
0-0: Ground out 6-3 (Groundball, 6)
|
Top of the 6th over - 0 run(s), 0 hit(s), 0 error(s), 0 left on base; Plumstead 3 - Cincinnati 11 |
BOTTOM OF THE 6TH |
Cincinnati Pride batting - Pitching for Plumstead Eagles : RHP Lane Lund
|
Batting: RHB Larry Booth
|
0-0: SINGLE (Flyball, 89S)
|
Batting: SHB Rafael Villa
|
0-0: Ball 1-0: Called Strike 1-1: Ball 2-1: SINGLE (Line Drive, 6M) Larry Booth to second
|
Batting: RHB Michael Skinner
|
0-0: Called Strike 0-1: Swinging Strike 0-2: Foul Ball, location: 2F 0-2: Ball 1-2: Ball 2-2: SINGLE (Line Drive, 78S) Larry Booth to third Rafael Villa to second
|
Batting: RHB Roberto Chávez
|
0-0: Ball 1-0: Called Strike 1-1: Ball 2-1: Ball 3-1: Called Strike 3-2: Strikes out looking
|
Batting: RHB Randy Simons
|
0-0: Ball 1-0: Called Strike 1-1: Fly out, F9 (Flyball, 89D) Runner from 3rd tags up, SCORES, no throw Rafael Villa to third
|
Batting: RHB Gabriel Villegas
|
0-0: Swinging Strike 0-1: Swinging Strike 0-2: Ball 1-2: Fielders Choice at 2nd, 6-4 (Groundball, 6)
|
Bottom of the 6th over - 1 run(s), 3 hit(s), 0 error(s), 1 left on base; Plumstead 3 - Cincinnati 12 |
TOP OF THE 7TH |
Plumstead Eagles batting - Pitching for Cincinnati Pride : RHP Fernando Silva
|
Pitching: LHP Ángelo Santana
|
|
Batting: RHB Don Turner
|
0-0: Ball 1-0: Bunted foul 1-1: Ball 2-1: Ball 3-1: SINGLE (Groundball, 5L)
|
Batting: RHB Donald Sanford
|
0-0: Ball 1-0: Ball 2-0: Ball 3-0: Called Strike 3-1: Called Strike 3-2: Foul Ball, location: 2F 3-2: Strikes out swinging Don Turner is caught stealing 2nd base Batter strikes out.
|
Batting: RHB Ethan Moore
|
0-0: Fly out, F7 (Line Drive, 7M)
|
Top of the 7th over - 0 run(s), 1 hit(s), 0 error(s), 0 left on base; Plumstead 3 - Cincinnati 12 |
BOTTOM OF THE 7TH |
Cincinnati Pride batting - Pitching for Plumstead Eagles : RHP Lane Lund
|
Pitching: LHP Holden Clark
|
|
Batting: LHB Marvin Morris
|
0-0: Called Strike 0-1: Ground out 4-3 (Groundball, 4)
|
Batting: RHB Wilson Flores
|
0-0: Ball 1-0: Ground out 5-3 (Groundball, 5)
|
Batting: RHB Norris Howard
|
0-0: Ground out 6-3 (Groundball, 6)
|
Bottom of the 7th over - 0 run(s), 0 hit(s), 0 error(s), 0 left on base; Plumstead 3 - Cincinnati 12 |
TOP OF THE 8TH |
Plumstead Eagles batting - Pitching for Cincinnati Pride : LHP Ángelo Santana
|
Batting: RHB Howard Johnson
|
0-0: Called Strike 0-1: Ball 1-1: Ball 2-1: Foul Ball, location: 2F 2-2: Strikes out swinging
|
Batting: RHB Jaime Rodríguez
|
0-0: Ball 1-0: Ball 2-0: Called Strike 2-1: Ball 3-1: Called Strike 3-2: Strikes out swinging
|
Batting: LHB António Salazar
|
0-0: Called Strike 0-1: Ball 1-1: Ball 2-1: Foul Ball, location: 2F 2-2: Ball 3-2: Base on Balls
|
Pinch Hitting: RHB Hubert Brown
|
0-0: Ball 1-0: Swinging Strike 1-1: Ball 2-1: Reached on Error, E7 (Flyball, 78S) António Salazar to third
|
Batting: RHB Pablo Villarreal
|
0-0: Called Strike 0-1: SINGLE (Line Drive, 8RS) António Salazar scores Hubert Brown to third Runner from 3rd tries for Home, SAFE, no throw or cutoff
|
Batting: RHB Louis Smith
|
0-0: Called Strike 0-1: DOUBLE (Line Drive, 9LM) Pablo Villarreal to third Runner from 3rd tries for Home, SAFE, no throw or cutoff
|
Batting: RHB Don Turner
|
0-0: Foul Ball, location: 2F 0-1: Ball 1-1: Swinging Strike 1-2: Ball 2-2: Foul Ball, location: 2F 2-2: Foul Ball, location: 2F 2-2: SINGLE (Line Drive, 56D) Louis Smith to third Runner from 3rd tries for Home, SAFE, no throw or cutoff
|
Pitching: RHP José Crus
|
|
Batting: RHB Donald Sanford
|
0-0: Ball 1-0: Swinging Strike 1-1: Foul Ball, location: 2F 1-2: Ball 2-2: Fielders Choice at 2nd, U6 (Groundball, 6M)
|
Top of the 8th over - 4 run(s), 3 hit(s), 1 error(s), 1 left on base; Plumstead 7 - Cincinnati 12 |
BOTTOM OF THE 8TH |
Cincinnati Pride batting - Pitching for Plumstead Eagles : LHP Holden Clark
|
Now at 2B: Hubert Brown
|
|
Batting: RHB Larry Booth
|
0-0: Called Strike 0-1: Swinging Strike 0-2: Foul Ball, location: 2F 0-2: Ground out 5-3 (Groundball, 5L)
|
Batting: SHB Rafael Villa
|
0-0: DOUBLE (Line Drive, 4M)
|
Batting: RHB Michael Skinner
|
0-0: Called Strike 0-1: Fly out, F7 (Flyball, 7LS)
|
Batting: RHB Roberto Chávez
|
0-0: Called Strike 0-1: Ball 1-1: Foul Ball, location: 2F 1-2: Strikes out swinging
|
Bottom of the 8th over - 0 run(s), 1 hit(s), 0 error(s), 1 left on base; Plumstead 7 - Cincinnati 12 |
TOP OF THE 9TH |
Plumstead Eagles batting - Pitching for Cincinnati Pride : RHP José Crus
|
Now at 3B: Juan Martínez
|
|
Batting: RHB Ethan Moore
|
0-0: Called Strike 0-1: Ball 1-1: Fly out, F8 (Flyball, 8LM)
|
Batting: RHB Howard Johnson
|
0-0: Swinging Strike 0-1: Ball 1-1: Called Strike 1-2: Foul Ball, location: 2F 1-2: Strikes out looking
|
Batting: RHB Jaime Rodríguez
|
0-0: Foul Ball, location: 2F 0-1: Foul Ball, location: 2F 0-2: Ball 1-2: Strikes out swinging
|
Top of the 9th over - 0 run(s), 0 hit(s), 0 error(s), 0 left on base; Plumstead 7 - Cincinnati 12 |
|
|